 Dungeon Crawl Stone Soup version 0.21.1-1-g345015f (webtiles) character file.

184 suicidejoker the Skirmisher (level 5, -2/57 HPs)
             Began as an Ogre Monk on Mar 9, 2018.
             Was a Believer of Cheibriados.
             Slain by a gnoll
             ... wielding a +0 spear of chaos
              (3 damage)
             ... on level 3 of the Dungeon.
             The game lasted 00:06:07 (3122 turns).

suicidejoker the Skirmisher (Ogre Monk)             Turns: 3122, Time: 00:06:07

Health: -2/57      AC:  3    Str: 19    XL:     5   Next: 64%
Magic:  3/5        EV: 11    Int: 15    God:    Cheibriados [**....]
Gold:   110        SH:  0    Dex: 16    Spells: 4/4 levels left

rFire    . . .     SeeInvis .   a - +0 mace
rCold    . . .     Gourm    .   (no shield)
rNeg     . . .     Faith    .   b - +0 robe
rPois    .         Spirit   .   (helmet restricted)
rElec    .         Reflect  .   (no cloak)
rCorr    .         Harm     .   (gloves unavailable)
MR       .....     Rnd*Tele +   (boots unavailable)
Stlth    ++........             (no amulet)
HPRegen  0.19/turn              n - ring of teleportation (curse)
MPRegen  0.09/turn              (no ring)

@: lethally poisoned (-2 -> -7), very slightly contaminated, drained, very slow
A: large, unfitting armour, tough skin 1
a: Bend Time, Renounce Religion


You were on level 3 of the Dungeon.
You worshipped Cheibriados.
Cheibriados was pleased with you.
You were not hungry.

You visited 1 branch of the dungeon, and saw 3 of its levels.

You collected 110 gold pieces.

Inventory:

Hand Weapons
 a - a +0 mace (weapon)
Missiles
 d - a throwing net
 e - 69 stones (quivered)
 f - 13 poisoned needles
 h - 46 arrows
 i - 27 sling bullets
Armour
 b - a +0 robe (worn)
 l - a +0 buckler
Jewellery
 n - a cursed ring of teleportation (left hand)
 o - an uncursed ring of magical power {unknown}
Wands
 c - a wand of random effects (22)
Scrolls
 g - a scroll of remove curse
 j - a scroll of amnesia
 k - 2 scrolls of identify {unknown}
 m - a scroll of enchant armour {unknown}
 q - a scroll of fog {unknown}
Books
 p - a book of Conjurations

   Spells                             Type                      Level
   a - Magic Dart                     Conjuration                  1
   b - Searing Ray                    Conjuration                  2
   c - Dazzling Spray                 Conjuration/Hexes            3
   d - Fulminant Prism                Conjuration/Hexes            4
   e - Force Lance                    Conjuration/Translocation    4
   f - Iskenderun's Mystic Blast      Conjuration                  4


   Skills:
 + Level 5.1(4.9) Fighting
 * Level 4.1(3.9) Maces & Flails
 + Level 2.1(1.9) Throwing
 + Level 3.4(3.2) Dodging
 - Level 1.4(1.2) Stealth


You had 4 spell levels left.
You didn't know any spells.

Dungeon Overview and Level Annotations

Branches:
Dungeon (3/15)

Altars:
Cheibriados
Dithmenos
Ru
Xom


Innate Abilities, Weirdness & Mutations

You are too large for most types of armour.
You have tough skin. (AC +1)


Message History

Cheibriados appreciates the change of pace.
You feel sick.
The gnoll hits you with a spear of chaos.
* * * LOW HITPOINT WARNING * * *
You feel your power leaking away.
You thump the gnoll!
The gnoll is severely wounded.
* * * LOW HITPOINT WARNING * * *
You feel sick. The gnoll closely misses you.
You hit the gnoll.
The gnoll is severely wounded.
You flicker back into view.
* * * LOW HITPOINT WARNING * * *
You feel sick.
The gnoll hits you with a spear of chaos.
* * * LOW HITPOINT WARNING * * *
The gnoll burns you.
* * * LOW HITPOINT WARNING * * *
The gnoll hits you with a spear of chaos.
You die...

###########
####≈≈.#(/≈..#
##.##..!.#≈..# ##
##_..#⌠..≈..#.##.#
#.≈).#..#.##≈≈...#
##@g.##..≈.....#
#.#≈≈..####!..^.≈.#
#.⌠.^≈..≈#≈≈#≈≈⌠≈≈#
####.#..##.##.≈#.##
##≈..#...≈≈≈≈.###
###.#.≈#..#.##
######.##### #... #


You could see a gnoll.

Vanquished Creatures
  An orc wizard (D:3)
  6 gnolls
  2 adders (D:2)
  A dart slug (D:1)
  3 orcs (D:3)
  A ball python (D:2)
  A giant cockroach (D:1)
  13 goblins
  10 hobgoblins
  6 jackals (D:2)
  12 kobolds
  A quokka (D:2)
  7 bats
  7 frilled lizards
  8 rats
79 creatures vanquished.

Notes
Turn   | Place    | Note
-------+----------+-------------------------------------------
     0 | D:1      | suicidejoker the Ogre Monk began the quest for the Orb.
     0 | D:1      | Reached XP level 1. HP: 24/24 MP: 1/1
   224 | D:1      | Reached XP level 2. HP: 32/32 MP: 2/2
   576 | D:1      | Reached XP level 3. HP: 40/40 MP: 3/3
   673 | D:1      | Reached skill level 1 in Throwing
   945 | D:2      | Reached XP level 4. HP: 18/49 MP: 4/4
  1324 | D:2      | Found a sacrificial altar of Ru.
  1399 | D:2      | HP: 1/49 [gnoll/spear (6)]
  2145 | D:2      | Reached XP level 5. HP: 28/55 MP: 5/5
  2794 | D:3      | Found a snail-covered altar of Cheibriados.
  2840 | D:3      | Found a shadowy altar of Dithmenos.
  2871 | D:3      | Became a worshipper of Cheibriados the Contemplative
  2871 | D:3      | Reached * piety under Cheibriados
  2871 | D:3      | Reached ** piety under Cheibriados
  2931 | D:3      | Reached skill level 5 in Fighting
  3102 | D:3      | Found a shimmering altar of Xom.
  3122 | D:3      | HP: 2/57 [gnoll/spear of chaos (3)]
  3122 | D:3      | Slain by a gnoll

Skill      XL: |  1  2  3  4  5 |
---------------+----------------+-----
Maces & Flails | 3 4 |  4.1
Throwing       | 1 2 |  2.1
Dodging        | 3 |  3.4
Fighting       | 5 |  5.1
Stealth        | |  1.4

Action                   |  1- 3 |  4- 6 || total
-------------------------+-------+-------++-------
Melee: Mace              |    89 |   156 ||   245
Throw: Stone             |       |     8 ||     8
       Throwing net      |       |     2 ||     2
  Use: Potion            |       |     3 ||     3
       Scroll            |       |     2 ||     2
 Stab: Sleeping          |     2 |     1 ||     3
       Invisible         |       |     2 ||     2
  Eat: Chunk             |       |     3 ||     3
       Ration            |       |     1 ||     1
Armor: Robe              |    12 |    57 ||    69
Dodge: Dodged            |    50 |   115 ||   165
